TOP OF THE 1ST |
Philadelphia Phillies batting - Pitching for Atlanta Braves : RHP Tim Kull
|
Pitching: RHP Tim Kull
|
|
Batting: LHB Cody Schumacher
|
0-0: Foul Ball, location: 2F 0-1: Ball 1-1: Ball 2-1: Ground out 4-3 (Groundball, 4, EV 88.1 MPH)
|
Batting: LHB Mike Davis
|
0-0: Ball 1-0: Ball 2-0: Called Strike 2-1: Foul Ball, location: 2F 2-2: Foul Ball, location: 2F 2-2: Strikes out looking
|
Batting: SHB Lance Franklin
|
0-0: Foul Ball, location: 2F 0-1: Swinging Strike 0-2: Strikes out looking
|
Top of the 1st over - 0 runs, 0 hits, 0 errors, 0 left on base; Philadelphia 0 - Atlanta 0 |
BOTTOM OF THE 1ST |
Atlanta Braves batting - Pitching for Philadelphia Phillies : RHP James Woods Jr.
|
Pitching: RHP James Woods Jr.
|
|
Batting: RHB Yasuhide Kasahara
|
0-0: Ball 1-0: Fly out, F8 (Flyball, 8RM, EV 88.1 MPH)
|
Batting: SHB Sean Cook
|
0-0: Ball 1-0: Ball 2-0: Foul Ball, location: 2F 2-1: Swinging Strike 2-2: Ball 3-2: Fly out, F8 (Flyball, 89D, EV 90.0 MPH)
|
Batting: SHB Floyd-William Goof
|
0-0: Ball 1-0: Foul Ball, location: 2F 1-1: Foul Ball, location: 2F 1-2: Ball 2-2: Foul Ball, location: 2F 2-2: SOLO HOME RUN (Flyball, 89XD, EV 96.9 MPH), Distance : 395 ft
|
Batting: LHB Erik Gretzky
|
0-0: Called Strike 0-1: Foul Ball, location: 2F 0-2: Foul Ball, location: 2F 0-2: Strikes out swinging
|
Bottom of the 1st over - 1 run, 1 hit, 0 errors, 0 left on base; Philadelphia 0 - Atlanta 1 |
TOP OF THE 2ND |
Philadelphia Phillies batting - Pitching for Atlanta Braves : RHP Tim Kull
|
Batting: RHB Chef Belew
|
0-0: Ball 1-0: Ground out 6-3 (Groundball, 6D, EV 90.0 MPH)
|
Batting: RHB Quintin Parker
|
0-0: Ball 1-0: Swinging Strike 1-1: Ball 2-1: Fly out, F7 (Flyball, 7, EV 90.6 MPH)
|
Batting: RHB Josh Hensley
|
0-0: Hit by Pitch
|
Batting: SHB Phuck II
|
0-0: Called Strike 0-1: Foul Ball, location: 2F 0-2: Strikes out looking
|
Top of the 2nd over - 0 runs, 0 hits, 0 errors, 1 left on base; Philadelphia 0 - Atlanta 1 |
BOTTOM OF THE 2ND |
Atlanta Braves batting - Pitching for Philadelphia Phillies : RHP James Woods Jr.
|
Batting: RHB Ike Trout
|
0-0: SINGLE (Line Drive, 5D, EV 98.1 MPH)
|
Batting: SHB Dave Barefoot
|
0-0: Called Strike 0-1: Foul Ball, location: 2F 0-2: Fly out, F8 (Flyball, 89D, EV 96.2 MPH) Runner from 1st tags up, OUT at 2nd! 8-6
|
Batting: RHB J.J. Powers
|
0-0: Fly out, F8 (Flyball, 8RM, EV 87.5 MPH)
|
Bottom of the 2nd over - 0 runs, 1 hit, 0 errors, 0 left on base; Philadelphia 0 - Atlanta 1 |
TOP OF THE 3RD |
Philadelphia Phillies batting - Pitching for Atlanta Braves : RHP Tim Kull
|
Batting: RHB Mike Hanks
|
0-0: Called Strike 0-1: Foul Ball, location: 2F 0-2: Foul Ball, location: 2F 0-2: SINGLE (Line Drive, 3D, EV 96.2 MPH)
|
Batting: LHB Jim Beaver
|
0-0: Called Strike 0-1: Called Strike 0-2: Strikes out swinging
|
Batting: LHB Cody Schumacher
|
0-0: Called Strike 0-1: Foul Ball, location: 2F 0-2: Ball 1-2: Grounds into double play, 4-6-3 (Groundball, 34, EV 83.1 MPH)
|
Top of the 3rd over - 0 runs, 1 hit, 0 errors, 0 left on base; Philadelphia 0 - Atlanta 1 |
BOTTOM OF THE 3RD |
Atlanta Braves batting - Pitching for Philadelphia Phillies : RHP James Woods Jr.
|
Batting: RHB Liangde Li
|
0-0: Called Strike 0-1: Called Strike 0-2: Ground out 6-3 (Groundball, 56D, EV 105.6 MPH)
|
Batting: RHB Tade Post
|
0-0: Ball 1-0: Foul Ball, location: 2F 1-1: SINGLE (Groundball, 56S, EV 67.5 MPH) (infield hit)
|
Batting: RHB Yasuhide Kasahara
|
0-0: Ball 1-0: Ball 2-0: Called Strike 2-1: Grounds into double play, 5-4-3 (Groundball, 56, EV 97.5 MPH)
|
Bottom of the 3rd over - 0 runs, 1 hit, 0 errors, 0 left on base; Philadelphia 0 - Atlanta 1 |
TOP OF THE 4TH |
Philadelphia Phillies batting - Pitching for Atlanta Braves : RHP Tim Kull
|
Batting: LHB Mike Davis
|
0-0: Called Strike 0-1: Ball 1-1: Ball 2-1: SOLO HOME RUN (Line Drive, 7D, EV 100.6 MPH), Distance : 392 ft
|
Batting: SHB Lance Franklin
|
0-0: Called Strike 0-1: SINGLE (Line Drive, 89S, EV 93.8 MPH)
|
Batting: RHB Chef Belew
|
0-0: SINGLE (Line Drive, 8RS, EV 98.1 MPH) Lance Franklin to second Runner from 2nd tries for 3rd, OUT! 8-5
|
Batting: RHB Quintin Parker
|
0-0: Fly out, F8 (Flyball, 8LXD, EV 94.4 MPH)
|
Batting: RHB Josh Hensley
|
0-0: Ground out 4-3 (Groundball, 4S, EV 88.1 MPH)
|
Top of the 4th over - 1 run, 3 hits, 0 errors, 1 left on base; Philadelphia 1 - Atlanta 1 |
BOTTOM OF THE 4TH |
Atlanta Braves batting - Pitching for Philadelphia Phillies : RHP James Woods Jr.
|
Batting: SHB Sean Cook
|
0-0: Foul Ball, location: 2F 0-1: Ball 1-1: Called Strike 1-2: Ball 2-2: Ball 3-2: Strikes out looking
|
Batting: SHB Floyd-William Goof
|
0-0: Swinging Strike 0-1: Swinging Strike 0-2: Strikes out looking
|
Batting: LHB Erik Gretzky
|
0-0: Ground out 6-3 (Groundball, 6, EV 97.5 MPH)
|
Bottom of the 4th over - 0 runs, 0 hits, 0 errors, 0 left on base; Philadelphia 1 - Atlanta 1 |
TOP OF THE 5TH |
Philadelphia Phillies batting - Pitching for Atlanta Braves : RHP Tim Kull
|
Batting: SHB Phuck II
|
0-0: Ground out U3 (Groundball, 3, EV 105.6 MPH)
|
Batting: RHB Mike Hanks
|
0-0: Foul Ball, location: 2F 0-1: Ball 1-1: Ball 2-1: Foul Ball, location: 2F 2-2: Strikes out swinging
|
Batting: LHB Jim Beaver
|
0-0: Called Strike 0-1: Ball 1-1: Swinging Strike 1-2: Strikes out swinging
|
Top of the 5th over - 0 runs, 0 hits, 0 errors, 0 left on base; Philadelphia 1 - Atlanta 1 |
BOTTOM OF THE 5TH |
Atlanta Braves batting - Pitching for Philadelphia Phillies : RHP James Woods Jr.
|
Batting: RHB Ike Trout
|
0-0: Foul Ball, location: 2F 0-1: Swinging Strike 0-2: Ball 1-2: Ball 2-2: Strikes out looking
|
Batting: SHB Dave Barefoot
|
0-0: Ball 1-0: Ball 2-0: Swinging Strike 2-1: Ground out 4-3 (Groundball, 4, EV 107.5 MPH)
|
Batting: RHB J.J. Powers
|
0-0: Ball 1-0: Ball 2-0: Called Strike 2-1: Ball 3-1: Swinging Strike 3-2: Foul Ball, location: 2F 3-2: Strikes out swinging
|
Bottom of the 5th over - 0 runs, 0 hits, 0 errors, 0 left on base; Philadelphia 1 - Atlanta 1 |
TOP OF THE 6TH |
Philadelphia Phillies batting - Pitching for Atlanta Braves : RHP Tim Kull
|
Batting: LHB Cody Schumacher
|
0-0: Ball 1-0: Ball 2-0: Ball 3-0: Called Strike 3-1: Swinging Strike 3-2: Base on Balls
|
Batting: LHB Mike Davis
|
0-0: Ball Wild Pitch! Cody Schumacher to second 1-0: Called Strike 1-1: Ball 2-1: Foul Ball, location: 2F 2-2: Strikes out swinging
|
Batting: SHB Lance Franklin
|
0-0: Ball 1-0: Fly out, F9 (Line Drive, 89M, EV 85.6 MPH)
|
Batting: RHB Chef Belew
|
0-0: Ball 1-0: Called Strike 1-1: Ball 2-1: Ball 3-1: Base on Balls
|
Batting: RHB Quintin Parker
|
0-0: Swinging Strike 0-1: Ground out U3 (Groundball, 3, EV 105.6 MPH)
|
Top of the 6th over - 0 runs, 0 hits, 0 errors, 2 left on base; Philadelphia 1 - Atlanta 1 |
BOTTOM OF THE 6TH |
Atlanta Braves batting - Pitching for Philadelphia Phillies : RHP James Woods Jr.
|
Batting: RHB Liangde Li
|
0-0: Called Strike 0-1: Ball 1-1: Foul Ball, location: 2F 1-2: Ball 2-2: Foul Ball, location: 2F 2-2: Ball 3-2: Foul Ball, location: 2F 3-2: Foul Ball, location: 2F 3-2: Ground out 6-3 (Groundball, 6, EV 100.6 MPH)
|
Batting: RHB Tade Post
|
0-0: Called Strike 0-1: Ball 1-1: Ball 2-1: SINGLE (Line Drive, 8RS, EV 99.4 MPH)
|
Batting: RHB Yasuhide Kasahara
|
0-0: Called Strike 0-1: Ball 1-1: Ball 2-1: Ball 3-1: Foul Ball, location: 2F 3-2: Foul Ball, location: 2F 3-2: Base on Balls Tade Post to second
|
Batting: SHB Sean Cook
|
0-0: Ball 1-0: Ball 2-0: Ball 3-0: Called Strike 3-1: Swinging Strike 3-2: Strikes out swinging
|
Batting: SHB Floyd-William Goof
|
0-0: Foul Ball, location: 2F 0-1: SINGLE (Groundball, 4M, EV 104.4 MPH) (infield hit) Tade Post to third Yasuhide Kasahara to second
|
Batting: LHB Erik Gretzky
|
0-0: DOUBLE (Groundball, 3L, EV 103.8 MPH) Tade Post scores Yasuhide Kasahara scores Floyd-William Goof to third Runner from 3rd tries for Home, SAFE, throw by RF to home
|
Batting: RHB Ike Trout
|
0-0: Foul Ball, location: 2F 0-1: Foul Ball, location: 2F 0-2: Ball 1-2: Ball 2-2: Reached via error on a dropped throw from 3B, E3 (Groundball, 56S, EV 69.4 MPH) Erik Gretzky to third
|
Batting: SHB Dave Barefoot
|
0-0: Called Strike 0-1: Ball 1-1: Swinging Strike 1-2: Foul Ball, location: 2F 1-2: Strikes out swinging
|
Bottom of the 6th over - 3 runs, 3 hits, 1 error, 2 left on base; Philadelphia 1 - Atlanta 4 |
TOP OF THE 7TH |
Philadelphia Phillies batting - Pitching for Atlanta Braves : RHP Tim Kull
|
Batting: RHB Josh Hensley
|
0-0: Fly out, F8 (Line Drive, 8LM, EV 91.9 MPH)
|
Batting: SHB Phuck II
|
0-0: Swinging Strike 0-1: Ball 1-1: SINGLE (Flyball, 9LS, EV 86.9 MPH)
|
Batting: RHB Mike Hanks
|
0-0: Called Strike Phuck II steals 2nd base 0-1: Ball 1-1: SINGLE (Groundball, 56S, EV 70.0 MPH) (infield hit) Phuck II to third
|
Batting: LHB Jim Beaver
|
0-0: Ball 1-0: Swinging Strike 1-1: Ball 2-1: Foul Ball, location: 2F 2-2: Strikes out swinging
|
Batting: LHB Cody Schumacher
|
0-0: Swinging Strike 0-1: Ball 1-1: Swinging Strike 1-2: Foul Ball, location: 2F 1-2: Foul Ball, location: 2F 1-2: Ball 2-2: Strikes out looking
|
Top of the 7th over - 0 runs, 2 hits, 0 errors, 2 left on base; Philadelphia 1 - Atlanta 4 |
BOTTOM OF THE 7TH |
Atlanta Braves batting - Pitching for Philadelphia Phillies : RHP James Woods Jr.
|
Batting: RHB J.J. Powers
|
0-0: Called Strike 0-1: Foul Ball, location: 2F 0-2: Ball 1-2: Foul Ball, location: 2F 1-2: Fly out, F9 (Flyball, 9, EV 78.1 MPH)
|
Batting: RHB Liangde Li
|
0-0: Ball 1-0: Ball 2-0: Ball 3-0: Called Strike 3-1: Ground out 6-3 (Groundball, 6S, EV 63.8 MPH)
|
Batting: RHB Tade Post
|
0-0: Called Strike 0-1: Foul Ball, location: 2F 0-2: Foul Ball, location: 2F 0-2: Ball 1-2: Ball 2-2: Strikes out looking
|
Bottom of the 7th over - 0 runs, 0 hits, 0 errors, 0 left on base; Philadelphia 1 - Atlanta 4 |
TOP OF THE 8TH |
Philadelphia Phillies batting - Pitching for Atlanta Braves : RHP Tim Kull
|
Batting: LHB Mike Davis
|
0-0: Ball 1-0: Ball 2-0: Swinging Strike 2-1: Ball 3-1: Base on Balls
|
Batting: SHB Lance Franklin
|
0-0: Ball 1-0: Ball 2-0: Called Strike 2-1: Ball 3-1: Foul Ball, location: 2F 3-2: Foul Ball, location: 2F 3-2: Grounds into double play, 4-6-3 (Groundball, 4, EV 101.9 MPH)
|
Batting: RHB Chef Belew
|
0-0: Ball 1-0: Ball 2-0: Ball 3-0: Foul Ball, location: 2F 3-1: Base on Balls
|
Pitching: RHP Gordon Cushing
|
|
Batting: RHB Quintin Parker
|
0-0: Ball 1-0: Foul Ball, location: 2F 1-1: Ball 2-1: Swinging Strike 2-2: Fly out, F8 (Flyball, 8RD, EV 100.0 MPH)
|
Top of the 8th over - 0 runs, 0 hits, 0 errors, 1 left on base; Philadelphia 1 - Atlanta 4 |
BOTTOM OF THE 8TH |
Atlanta Braves batting - Pitching for Philadelphia Phillies : RHP James Woods Jr.
|
Pitching: RHP Ken Tetzlaff
|
|
Batting: RHB Yasuhide Kasahara
|
0-0: Ball 1-0: Ball 2-0: Foul Ball, location: 2F 2-1: Called Strike 2-2: Reached via error on a dropped throw from 2B, E3 (Groundball, 34, EV 80.0 MPH)
|
Batting: SHB Sean Cook
|
0-0: Sac Bunt to 13S - play at first, batter OUT! 1-3 Yasuhide Kasahara to second
|
Batting: SHB Floyd-William Goof
|
0-0: Swinging Strike 0-1: Foul Ball, location: 2F 0-2: Foul Ball, location: 2F 0-2: Strikes out swinging
|
Batting: LHB Erik Gretzky
|
0-0: Ball 1-0: Ball 2-0: Called Strike 2-1: Fly out, F9 (Flyball, 9, EV 90.0 MPH)
|
Bottom of the 8th over - 0 runs, 0 hits, 1 error, 1 left on base; Philadelphia 1 - Atlanta 4 |
TOP OF THE 9TH |
Philadelphia Phillies batting - Pitching for Atlanta Braves : RHP Gordon Cushing
|
Pitching: LHP Sam Schrecengost
|
|
Batting: RHB Josh Hensley
|
0-0: Called Strike 0-1: Foul Ball, location: 2F 0-2: Strikes out swinging
|
Batting: SHB Phuck II
|
0-0: Ball 1-0: Foul Ball, location: 2F 1-1: Fly out, F8 (Flyball, 8LXD, EV 96.2 MPH)
|
Batting: RHB Mike Hanks
|
0-0: Ball 1-0: Called Strike 1-1: Ball 2-1: Swinging Strike 2-2: Strikes out swinging
|
Top of the 9th over - 0 runs, 0 hits, 0 errors, 0 left on base; Philadelphia 1 - Atlanta 4 |
|